 Dungeon Crawl Stone Soup version 0.31-a0-446-g07c4bd200f (webtiles) character file.

Game seed: 8698460454527846060

1216 Ethylacetat the Insei (level 8, -4/44 HPs)
             Began as a Vine Stalker Monk on Aug 3, 2023.
             Slain by Pikel
             ... wielding a +2 whip of flaming
              (9 damage)
             ... on level 4 of the Dungeon.
             The game lasted 00:05:29 (3518 turns).

Ethylacetat the Insei (Vine Stalker Monk)           Turns: 3518, Time: 00:05:30

Health: -4/44      AC:  4    Str: 19    XL:     8   Next: 46%
Magic:  0/15       EV: 13    Int:  9    God:
Gold:   384        SH:  0    Dex: 23    Spells: 16/16 levels left

rFire   . . .        j - +1 dagger (drain)
rCold   . . .        c - orb {light}
rNeg    . . .        a - +0 robe
rPois   .            s - +1 helmet "Tuuzyas" {+Blink Stlth+}
rElec   .            (no cloak)
rCorr   +            (no gloves)
SInv    .            (no boots)
Will    +....        o - amulet of magic regeneration
Stlth   ++           m - +6 ring of strength
HPRegen 1.07/turn    e - ring of resist corrosion
MPRegen 0.54/turn

%: guardian spirit
@: glowing
A: fangs 3, regeneration 1, magic shield, antimagic bite, no potion heal 2,
camouflage 1, agile 1
a: Evoke Blink


You were on level 4 of the Dungeon.
You visited 1 branch of the dungeon, and saw 5 of its levels.

You collected 384 gold pieces.

Inventory:

Hand Weapons
 j - a +1 dagger of draining (weapon)
Armour
 a - a +0 robe (worn)
 c - an orb of light (worn)
 s - the +1 helmet "Tuuzyas" (worn) {+Blink Stlth+}
   (You found it on level 3 of the Dungeon)

   +Blink:    It lets you blink.
   Stlth:     It makes you more stealthy.
Jewellery
 e - a ring of resist corrosion (right hand)
 m - a +6 ring of strength (left hand)
 o - an amulet of magic regeneration (around neck)
Wands
 u - a wand of digging (6)
Scrolls
 d - 4 scrolls of identify {unknown}
 f - a scroll of amnesia {unknown}
 h - a scroll of brand weapon {unknown}
 k - a scroll of noise {unknown}
 n - 2 scrolls of teleportation {unknown}
 q - 2 scrolls of torment {unknown}
 r - 2 scrolls of enchant armour {unknown}
 v - a scroll of fog {unknown}
 w - a scroll of poison {unknown}
Potions
 g - a potion of heal wounds
 i - a potion of attraction


   Skills:
 + Level 5.4 Fighting
 - Level 2.7 Dodging
 + Level 6.0 Unarmed Combat
 + Level 4.6 Spellcasting
 + Level 3.4 Evocations


You had 16 spell levels left.
You didn't know any spells.
Your spell library was empty.

Dungeon Overview and Level Annotations

Branches:
Dungeon (5/15)
 Temple: D:4-7

Altars:

Shops:
D:2 :

Annotations:
D:4 Pikel
D:5 1 runed translucent door, Crazy Yiuf


Innate Abilities, Weirdness & Mutations

You have razor-sharp teeth.
Your natural rate of healing is unusually fast.
When hurt, damage is shared between your health and your magic reserves.
Your bite disrupts and absorbs the magic of your enemies.
Potions cannot restore your health.
Your skin changes colour to match your surroundings (Stealth+).
You are agile. (Dex +4, Str/Int -1)


Message History

* * * LOW HITPOINT WARNING * * *
Pikel burns you.
* * * LOW HITPOINT WARNING * * *
Pikel seems less drained.
Pikel attacks as you move away! Pikel barely misses you.
You barely miss Pikel. You bite Pikel! You drain his power.
You feel invigorated.
Pikel is heavily wounded.
Pikel hits you with a +2 whip of flaming.
Pikel burns you.
* * * LOW HITPOINT WARNING * * *
You hit Pikel. You bite Pikel, but do no damage.
Pikel is severely wounded.
Pikel hits you with a +2 whip of flaming!
* * * LOW HITPOINT WARNING * * *
Pikel burns you.
* * * LOW HITPOINT WARNING * * *
Pikel attacks as you move away!
Pikel hits you with a +2 whip of flaming!
* * * LOW HITPOINT WARNING * * *
Pikel burns you.
* * * LOW HITPOINT WARNING * * *
Pikel attacks as you move away! Pikel completely misses you.
Pikel attacks as you move away!
Pikel hits you with a +2 whip of flaming!
* * * LOW HITPOINT WARNING * * *
Pikel burns you.
* * * LOW HITPOINT WARNING * * *
You hit Pikel. You drain Pikel. You bite Pikel, but do no damage.
Pikel is severely wounded.
Pikel barely misses you. Pikel attacks as you move away!
Pikel barely misses you. Pikel attacks as you move away!
Pikel hits you with a +2 whip of flaming.
* * * LOW HITPOINT WARNING * * *
Pikel burns you.
You hit Pikel.
Pikel is severely wounded.
Pikel hits you with a +2 whip of flaming!
You die...

###.#.#####.#...# #.#
....#.......#...# #.#
#############...# #.#
...#............# #.#
...#............# #.#
...#............# #.#
...#...........## #.#
...####........#######.#
#...............@K.....#
................#####..#
................# ##..#
.............##.####...#
.............##....#..##
............(##.###...#
..#..........##(###.#.#
..#..........##.#...#.#
..#..........##.......#


You could see Pikel (drained).

Vanquished Creatures
  A wraith (D:5)
  Eustachio (D:5)
  A black bear (D:4)
  3 ogres
  Blork the orc (D:5)
  A scorpion (D:5)
  3 orc priests (D:3)
  4 hounds
  4 iguanas
  5 adders
  3 worms
  3 dart slugs
  8 orcs
  8 endoplasms
  3 giant cockroaches
  7 goblins
  6 hobgoblins
  10 kobolds
  A quokka (D:3)
  9 ball pythons
  13 bats
  4 frilled lizards
  5 rats
  A spectral goblin (D:2)
105 creatures vanquished.

Notes
Turn   | Place    | Note
-------+----------+-------------------------------------------
     0 | D:1      | Ethylacetat the Vine Stalker Monk began the quest for the
                  | Orb.
     0 | D:1      | Reached XP level 1. HP: 11/11 MP: 2/2
   135 | D:1      | Reached XP level 2. HP: 11/16 MP: 1/3
   337 | D:1      | Reached XP level 3. HP: 20/20 MP: 4/4
  1092 | D:2      | Found a faded altar of an unknown god.
  1529 | D:2      | Reached skill level 1 in Spellcasting
  1529 | D:2      | Gained mutation: Your natural rate of healing is unusually
                  | fast. [Vine Stalker growth]
  1529 | D:2      | Reached XP level 4. HP: 20/24 MP: 6/6
  1587 | D:2      | Found Qutzitto's Book Boutique.
  1807 | D:3      | Identified the +1 helmet "Tuuzyas" {+Blink Stlth+}
  1924 | D:3      | Reached skill level 4 in Unarmed Combat
  1924 | D:3      | Reached XP level 5. HP: 26/29 MP: 6/8
  2584 | D:4      | Reached XP level 6. HP: 28/33 MP: 7/10
  2709 | D:4      | Noticed a black bear
  2718 | D:4      | Killed a black bear
  2719 | D:4      | Reached skill level 1 in Evocations
  2867 | D:4      | Reached XP level 7. HP: 38/38 MP: 12/12
  2911 | D:4      | Reached skill level 5 in Unarmed Combat
  3202 | D:5      | Entered Level 5 of the Dungeon
  3233 | D:5      | Noticed a wraith
  3243 | D:5      | Gained mutation: You are agile. (Dex +4, Str/Int -1)
                  | [potion of mutation]
  3243 | D:5      | Gained mutation: Your skin changes colour to match your
                  | surroundings (Stealth+). [potion of mutation]
  3256 | D:5      | Killed a wraith
  3325 | D:5      | Noticed Eustachio
  3329 | D:5      | Reached skill level 5 in Fighting
  3329 | D:5      | Gained mutation: You have razor-sharp teeth. [Vine Stalker
                  | growth]
  3329 | D:5      | Reached XP level 8. HP: 39/43 MP: 13/15
  3345 | D:5      | Killed Eustachio
  3387 | D:5      | Found a runed translucent door.
  3388 | D:5      | Noticed Crazy Yiuf
  3429 | D:5      | Noticed Blork the orc
  3443 | D:5      | Noticed Pikel
  3461 | D:5      | Killed Blork the orc
  3462 | D:5      | Reached skill level 6 in Unarmed Combat
  3507 | D:4      | HP: 2/44 [Pikel/+2 whip of flaming (1)]
  3518 | D:4      | Slain by Pikel

Illustrated notes

Levels and vault maps discovered:
D:1:      dpeg_arrival_oval, layout_loops_ring, st_stairs_4
D:2:      minmay_skewed_foursquare, layout_basic, serial_shops, shop,
          dreamdust_ecumenical_altar_drowned_temple,
          chequers_serial_rivers_micro_e
D:3:      layout_basic
D:4:      layout_basic, patterned_corridor
D:5:      layout_rooms, dk_yredelemnul_ordeal, serial_shops,
          nicolae_shop_back_alley_shop, uniq_pikel, uniq_eustachio,
          uniq_crazy_yiuf_cottage, uniq_edmund, uniq_blork_the_orc, uniq_sigmund

Skill      XL: |  1  2  3  4  5  6  7  8 |
---------------+-------------------------+-----
Fighting       | 3 4 5 |  5.4
Spellcasting   | 1 2 3 4 |  4.6
Unarmed Combat | 4 5 6 |  6.0
Evocations     | 1 2 3 |  3.4
Dodging        | |  2.7

Action                     |  1- 3 |  4- 6 |  7- 9 || total
---------------------------+-------+-------+-------++-------
  Melee: Unarmed           |    52 |       |       ||    52
         Bite              |    27 |    42 |    43 ||   112
         Dagger            |    39 |   113 |    88 ||   240
Ability: Evoke Blink       |       |     1 |       ||     1
    Use: Potion            |       |       |     7 ||     7
   Stab: Sleeping          |     1 |     1 |     1 ||     3
 Armour: Robe              |    32 |    22 |    13 ||    67
  Dodge: Dodged            |    70 |    60 |    87 ||   217

Table legend: (Time is in decaauts)
 A = Elapsed time spent in this place.
 B = Non-inter-level travel time spent in this place.
 C = Inter-level travel time spent in this place.
 D = Time resting spent in this place.
 E = Time spent auto-exploring this place.
 F = Levels seen in this place.
 G = Mean time per level.
                   A        B        C        D        E       F      G
               +--------+--------+--------+--------+--------+-----+--------+
         Total |   3533 |   3444 |     89 |     21 |   2682 |   5 |  706.6 |
       Dungeon |   3533 |   3444 |     89 |     21 |   2682 |   5 |  706.6 |
               +--------+--------+--------+--------+--------+-----+--------+

Top non-repeatable levels by time:
     D:1: 952 daAuts
     D:2: 821 daAuts
     D:4: 738 daAuts
     D:3: 711 daAuts
     D:5: 309 daAuts
